AoeStats
← Raul30

Arabian Desert

517405015Analyzed
1v1 RM · 5d ago on Oct 30, 2026· 38m 4s· 2 players
Game mode
Random Map
Map size
Tiny (2 player)
Population
200
Speed
Normal
Resources
Standard
Victory
Conquest
Starting age
Dark Age
Ending age
Imperial Age
RankedLock teamsTeams togetherTeam positionsShared explorationLock speedFull tech treeHidden civsTurbo modeCheats
Victory
Defeat
🇨🇱 Khmer · Chile
1271
+18
vs
🇲🇽 Armenians · Mexico
1312
-18
EDGAR_MAGNO_29
8:23 Loom
10:09 Feudal Age
15:13 Castle Age
13:32 Horse Collar
25:43 Fletching
26:24 Pikeman
31:33 Scale Mail Armor
33:00 Chain Mail Armor
Raul30
5:59 Loom
8:47 Feudal Age
9:18 Double-Bit Axe
14:19 Fletching
21:30 Castle Age
20:17 Horse Collar
20:49 Bloodlines
21:46 Scale Barding Armor
21:53 Forging
22:48 Chain Barding Armor
24:05 Bow Saw
27:28 Iron Casting
29:35 Heavy Plow
33:19 Wheelbarrow
41:13 Imperial Age
Connection lost

Rejoining the realm…

Still unreachable

The connection could not be restored.

Session expired

The server has moved on; the page needs a fresh start.